 Dungeon Crawl Stone Soup version 0.27.1-33-g824d729ab1 (webtiles) character file.

Game seed: 5250001605217687557

179 Flarelocke the Skirmisher (level 5, -11/47 HPs)
             Began as a Hill Orc Fighter on Dec 14, 2021.
             Was an Initiate of Beogh.
             Mangled by an ogre (25 damage)
             ... on level 3 of the Dungeon.
             The game lasted 00:14:46 (3035 turns).

Flarelocke the Skirmisher (Hill Orc Fighter)        Turns: 3035, Time: 00:14:46

Health: -11/47     AC:  9    Str: 20    XL:     5   Next: 59%
Magic:  5/5        EV:  5    Int:  8    God:    Beogh [......]
Gold:   174        SH:  9    Dex: 10    Spells: 4/4 levels left

rFire    + . .     SeeInvis .   a - +0 trident
rCold    x . .     Faith    .   c - +0 kite shield
rNeg     . . .     Spirit   .   u - +0 chain mail
rPois    .         Reflect  .   (no helmet)
rElec    .         Harm     .   (no cloak)
rCorr    .         Rampage  .   (no gloves)
Will     .....                  (no boots)
Stlth    ..........             (no amulet)
HPRegen  0.15/turn              w - ring of fire
MPRegen  0.09/turn              (no ring)

@: no status effects
A: no striking features
a: Renounce Religion


You were on level 3 of the Dungeon.
You worshipped Beogh.
Beogh was noncommittal.
You visited 1 branch of the dungeon, and saw 4 of its levels.

You collected 174 gold pieces.

Inventory:

Hand Weapons
 a - a +0 trident (weapon)
Missiles
 t - 5 boomerangs (quivered)
 v - a throwing net
Armour
 c - a +0 kite shield (worn)
 u - a +0 chain mail (worn)
Jewellery
 w - a ring of fire (left hand)
Wands
 l - a wand of flame (15)
 m - a wand of iceblast (5)
 o - a wand of paralysis (6)
 r - a wand of digging (5)
Scrolls
 b - a scroll of silence {unknown}
 f - a scroll of fear {unknown}
 j - 2 scrolls of identify {unknown}
 n - 2 scrolls of magic mapping {unknown}
 q - a scroll of enchant weapon {unknown}
 s - 2 scrolls of amnesia {unknown}
Potions
 d - a potion of might
 e - a potion of berserk rage {unknown}
 g - a potion of attraction {unknown}
 h - 2 potions of mutation {unknown}
 i - a potion of resistance {unknown}
 k - a potion of brilliance {unknown}
 p - 2 potions of cancellation {unknown}


   Skills:
 + Level 4.8 Fighting
 * Level 4.4 Polearms
 - Level 3.5 Armour
 + Level 4.3 Shields


You had 4 spell levels left.
You didn't know any spells.
Your spell library contained the following spells:

 Spells                   Type           Power      Damage    Failure   Level
 Summon Forest            Summ/Tloc      0%         N/A       100%        5
 Eringya's Noxious Bog    Tmut/Pois      0%         N/A       100%        6
 Summon Hydra             Summ           0%         N/A       100%        7


Dungeon Overview and Level Annotations

Branches:
Dungeon (4/15)
 Temple: D:4-7

Altars:


Message History

There is a stone staircase leading down here.
You barely miss the ogre. You block the ogre's attack.
You puncture the ogre!
The ogre is moderately wounded.
The ogre hits you with a +0 giant club!
You are too injured to fight recklessly!
You are too injured to fight recklessly!
You are too injured to fight recklessly!
You are too injured to fight recklessly!
You are too injured to fight recklessly!
You hit the ogre but do no damage.
The ogre is moderately wounded.
The ogre barely misses you.
You barely miss the ogre.
The ogre is moderately wounded.
You block the ogre's attack.
You hit the ogre.
The ogre is moderately wounded.
The ogre barely misses you.
You hit the ogre.
The ogre is heavily wounded.
You block the ogre's attack.
You hit the ogre.
The ogre is severely wounded.
The ogre barely misses you.
You hit the ogre.
The ogre is severely wounded.
You block the ogre's attack.
You hit the ogre but do no damage.
The ogre is severely wounded.
The ogre hits you with a +0 giant club!
* * * LOW HITPOINT WARNING * * *
You hit the ogre.
The ogre is severely wounded.
You block the ogre's attack.
Your shield and chain mail prevent you from hitting the ogre.
The ogre is severely wounded.
The ogre hits you with a +0 giant club!!
Ouch! That really hurt!
You die...

#..# ##...# ###.#....... ##.#
#....# #...#.####.# #.##
#.#..####.###.#....# #..#
#.#.......# #.#.#### ### ##.#
#.#....[#####.#.#### #<#
#.###...###.......#..(.. #.#
#..####.# #.......#####. #.#
##.# ##O# #.......#####. #.#
#.###.@# #.#.....##.... ####.#
##.#....# #...#...##.###
#....# #.....#.#######..###.#
#.#######.###.#.....#......#.#
##.#.......#
#.#####.#.####.#.#
...#.#######
#.......#...##.#.# ####†#..#
###########.##...# #....#
#....#...###### ###.#######
#[##.#.###


You could see an ogre.

Vanquished Creatures
  An iguana (D:4)
  A hound skeleton (D:4)
  7 adders
  A worm (D:2)
  5 dart slugs
  3 orcs (D:3)
  5 endoplasms
  2 giant cockroaches (D:1)
  6 goblins
  3 hobgoblins
  4 jackals
  6 kobolds
  3 quokkas
  6 ball pythons
  3 bats
  3 frilled lizards
  4 rats (D:1)
63 creatures vanquished.

Vanquished Creatures (others)
  2 orcs (D:3)
2 creatures vanquished.

Grand Total: 65 creatures vanquished

Notes
Turn   | Place    | Note
-------+----------+-------------------------------------------
     0 | D:1      | Flarelocke the Hill Orc Fighter began the quest for the
                  | Orb.
     0 | D:1      | Reached XP level 1. HP: 19/19 MP: 1/1
   151 | D:1      | Reached XP level 2. HP: 16/27 MP: 2/2
   723 | D:1      | Reached XP level 3. HP: 31/33 MP: 3/3
  1148 | D:2      | Reached XP level 4. HP: 29/40 MP: 4/4
  1722 | D:3      | Became a worshipper of Beogh the Brigand
  2286 | D:3      | Reached XP level 5. HP: 38/47 MP: 5/5
  2970 | D:4      | Noticed an ogre
  3035 | D:3      | Mangled by an ogre

Illustrated notes

Levels and vault maps discovered:
D:1:      mrwooster_arrival_statue_3, layout_loops_ring
D:2:      layout_rooms
D:3:      minmay_chambers_of_twos, layout_basic
D:4:      layout_loops_corners

Skill      XL: |  1  2  3  4 |
---------------+-------------+-----
Fighting       | 4 |  4.8
Polearms       | 3 4 |  4.4
Shields        | 4 |  4.3
Armour         | |  3.5

Action                   |  1- 3 |  4- 6 || total
-------------------------+-------+-------++-------
Melee: Trident           |   104 |   135 ||   239
Invok: Convert to Beogh  |       |     1 ||     1
Armor: Scale mail        |    22 |    15 ||    37
       Chain mail        |       |    53 ||    53
Dodge: Dodged            |    24 |    33 ||    57
Block: Kite shield       |    35 |    69 ||   104
